 Dungeon Crawl Stone Soup version 0.27-a0-681-g0c81a3c1c3 (webtiles) character file.

Game seed: 9459256223387203119

16893 robertstho the Frost Mage (level 12, -5/91 HPs)
             Began as a Gnoll Ice Elementalist on Mar 19, 2021.
             Was a Priest of Sif Muna.
             Slain by a komodo dragon (21 damage)
             ... on level 2 of the Lair of Beasts.
             The game lasted 00:30:28 (18484 turns).

robertstho the Frost Mage (Gnoll Ice Elementalist) Turns: 18484, Time: 00:30:29

Health: -5/91      AC: 15    Str:  7    XL:     12   Next: 42%
Magic:  8/24       EV: 17    Int: 18    God:    Sif Muna [***...]
Gold:   184        SH:  0    Dex: 21    Spells: 13/28 levels left

rFire    . . .     SeeInvis .   q - +0 scimitar (flame)
rCold    . . .     Faith    .   (no shield)
rNeg     . . .     Spirit   .   N - +0 troll leather armour
rPois    .         Reflect  .   p - +0 helmet
rElec    .         Harm     .   (no cloak)
rCorr    +         Rampage  .   e - +0 pair of gloves
Will     .....                  D - +0 pair of boots
Stlth    ++++......             O - amulet of the acrobat
HPRegen  1.25/turn              l - ring of resist corrosion
MPRegen  0.19/turn              k - +6 ring of dexterity

@: lethally poisoned (-5 -> -5), ice-armoured
A: fangs 1, strong nose, distributed training
a: Renounce Religion, Channel Magic, Forget Spell


You were on level 2 of the Lair of Beasts.
You worshipped Sif Muna.
Sif Muna was most pleased with you.
You visited 3 branches of the dungeon, and saw 14 of its levels.

You collected 658 gold pieces.
You spent 474 gold pieces at shops.

Inventory:

Hand Weapons
 d - a +0 short sword of protection
 q - a +0 scimitar of flaming (weapon)
 J - a +1 short sword of venom
Armour
 e - a +0 pair of gloves (worn)
 p - a +0 helmet (worn)
 D - a +0 pair of boots (worn)
 N - a +0 troll leather armour (worn)
 P - +0 acid dragon scales
Jewellery
 a - an amulet of reflection
 k - a +6 ring of dexterity (left hand)
 l - a ring of resist corrosion (right hand)
 t - a ring of fire
 O - an amulet of the acrobat (around neck)
Wands
 r - a wand of iceblast (27)
 x - a wand of mindburst (4)
 y - a wand of flame (30)
 C - a wand of polymorph (9)
 E - a wand of random effects (19)
 F - a wand of acid (6)
Scrolls
 c - a scroll of enchant armour {unknown}
 f - a scroll of summoning {unknown}
 h - 3 scrolls of teleportation
 m - a scroll of brand weapon
 n - 3 scrolls of fog
 o - a scroll of immolation {unknown}
 s - a scroll of amnesia
 u - 3 scrolls of enchant weapon
 z - a scroll of blinking
 B - 5 scrolls of torment {unknown}
 H - a scroll of silence
 M - 2 scrolls of fear
 Q - a scroll of vulnerability
Potions
 b - 5 potions of heal wounds
 g - 5 potions of brilliance
 i - a potion of curing
 j - 2 potions of magic
 w - a potion of haste {unknown}
 A - 2 potions of resistance
 G - 2 potions of lignification
 I - 2 potions of attraction {unknown}
 K - a potion of flight
 L - a potion of might
 R - a potion of cancellation {unknown}


   Skills:
 + Level 7.2 Fighting
 + Level 7.2 Short Blades
 + Level 7.2 Long Blades
 + Level 7.2 Axes
 + Level 7.2 Maces & Flails
 + Level 7.2 Polearms
 + Level 7.2 Staves
 + Level 7.2 Slings
 + Level 7.2 Bows
 + Level 7.2 Crossbows
 + Level 7.2 Throwing
 + Level 7.2 Armour
 + Level 8.7 Dodging
 + Level 8.5 Stealth
 + Level 7.2 Shields
 + Level 7.2 Unarmed Combat
 + Level 8.9 Spellcasting
 + Level 6.0 Conjurations
 + Level 6.0 Hexes
 + Level 6.0 Summonings
 + Level 6.0 Necromancy
 + Level 6.0 Translocations
 + Level 6.0 Transmutations
 + Level 6.0 Fire Magic
 + Level 9.4 Ice Magic
 + Level 6.0 Air Magic
 + Level 6.0 Earth Magic
 + Level 6.0 Poison Magic
 + Level 8.0 Invocations
 + Level 7.2 Evocations


You had 13 spell levels left.
You knew the following spells:

 Your Spells              Type           Power      Damage    Failure   Level
a - Freeze                Ice            100%       1d11      1%          1
b - Frozen Ramparts       Ice            84%        1d10      1%          3
c - Ozocubu's Armour      Ice            42%        N/A       1%          3
d - Hailstorm             Conj/Ice       35%        3d9       5%          4
e - Summon Ice Beast      Ice/Summ       35%        N/A       5%          4

Your spell library contained the following spells:

 Spells                   Type           Power      Damage    Failure   Level


Dungeon Overview and Level Annotations

Branches:
Dungeon (11/15)            Temple (1/1) D:7            Lair (2/6) D:8
 Shoals (0/4) Lair:2          Orc (0/2) D:10
  Snake: Lair:2-4    Spider: Lair:2-4

Altars:
Ashenzari
Cheibriados
Dithmenos
Elyvilon
Fedhas
Gozag
Hepliaklqana
Kikubaaqudgha
Makhleb
Nemelex Xobeh
Okawaru
Qazlal
Ru
Sif Muna
Trog
Uskayaw
Vehumet
Wu Jian
Xom
Yredelemnul
Zin
The Shining One

Shops:
D:3 *   D:8 *   D:11 ?


Innate Abilities, Weirdness & Mutations

You have very sharp teeth.
Your uncanny sense of smell can sniff out nearby items.
Your experience applies equally to all skills.


Message History

The cane toad is almost dead.
The komodo dragon bites you! The cane toad stings you!
* * * LOW HITPOINT WARNING * * *
You are poisoned.
The cane toad poisons you!
Your ice beast closely misses the cane toad.
You hit the cane toad. You burn the cane toad.
You kill the cane toad!
Sif Muna accepts your kill.
You feel sick. The komodo dragon bites you.
* * * LOW HITPOINT WARNING * * *
Your ice beast hits the komodo dragon but does no damage.
Your Invocations skill increases to level 8!
You barely miss the komodo dragon.
The komodo dragon is heavily wounded.
You feel sick. The komodo dragon barely misses you.
Your ice beast hits the komodo dragon but does no damage.
Unknown command.
You completely miss the komodo dragon.
The komodo dragon is heavily wounded.
You feel sick. The komodo dragon barely misses you.
You riposte.
You hit the komodo dragon. You burn the komodo dragon.
The komodo dragon is heavily wounded.
Your ice beast hits the komodo dragon.
Your ice beast freezes the komodo dragon!
You hit the komodo dragon but do no damage.
The komodo dragon is severely wounded.
You feel sick.
The komodo dragon bites you but does no damage.
Your ice beast barely misses the komodo dragon.
Unknown command.
You hit the komodo dragon. You burn the komodo dragon.
The komodo dragon is almost dead.
You feel sick. The komodo dragon closely misses you.
Your ice beast hits the komodo dragon but does no damage.
Unknown command.
You hit the komodo dragon. You burn the komodo dragon.
The komodo dragon is almost dead.
You feel sick. The komodo dragon bites you!!
You die...

##..........#
#............
#.....[......
##....((...).:
#...>.........
#.......?.....
#.#.<.lY.....
#...@....^.#
##....<..).#
##<#....###
####.##.# ## #
∆


You could see a komodo dragon (ally target) and a friendly ice beast (summoned).

Vanquished Creatures
  2 unseen horrors
  2 cyclopes
  3 gargoyles
  A cane toad (Lair:2)
  A black mamba (Lair:1)
  A komodo dragon (Lair:1)
  2 trolls
  2 hornets
  2 wyverns
  30 yaks
  4 water moccasins (Lair:1)
  3 orc warriors
  4 sky beasts
  An ice beast (D:7)
  3 centaurs
  2 ogres
  A kobold brigand (D:9)
  7 bullfrogs
  A water moccasin zombie (D:10)
  A scorpion (D:6)
  8 killer bees (D:11)
  4 wights
  3 howler monkeys
  2 vampire bats (D:4)
  3 jellies (D:3)
  2 quasits
  8 hounds
  An orc priest (D:7)
  A bullfrog skeleton (D:5)
  6 orc wizards
  An iguana (D:4)
  3 worker ants
  A hound zombie (D:5)
  2 worker ant zombies
  Robin (D:2)
  3 gnolls (D:4)
  A howler monkey skeleton (D:5)
  8 adders
  2 river rats (D:3)
  3 white imps
  An ufetubus (D:9)
  12 oozes
  An adder zombie (D:9)
  4 worms
  15 leopard geckos
  22 orcs
  2 ball pythons
  8 bats
  4 bat skeletons (D:4)
  2 bat zombies (D:4)
  5 giant cockroaches
  24 goblins
  12 hobgoblins
  18 jackals
  18 kobolds
  3 quokkas
  9 frilled lizards
  A jackal zombie (D:7)
  A leopard gecko skeleton (D:4)
  A quokka skeleton (D:8)
  11 rats
310 creatures vanquished.

Vanquished Creatures (collateral kills)
  A hydra (Lair:1)
  2 two-headed ogres (D:9)
  An ugly thing (D:11)
  A cyclops (D:9)
  A guardian serpent (shapeshifter) (D:11)
  A komodo dragon (Lair:1)
  2 cane toads (Lair:1)
  An efreet (D:8)
  A troll (D:9)
  8 yaks
  A wyvern (D:8)
  An acid dragon (D:11)
  A nameless horror (D:8)
  A water moccasin (Lair:1)
  A black bear (D:9)
  An ice beast (D:7)
  An orc warrior (D:8)
  A sky beast (D:9)
  6 ogres
  A wyvern zombie (D:6)
  2 bullfrogs
  A wyvern skeleton (D:10)
  2 wights (D:9)
  A centaur skeleton (D:9)
  2 hounds
  An orc wizard (D:8)
  An iguana (D:8)
  4 worker ants
  A hound skeleton (D:9)
  An adder (D:9)
  A worm (D:4)
  3 orcs
  A jackal (D:7)
  A leopard gecko skeleton (D:8)
56 creatures vanquished.

Vanquished Creatures (others)
  7 fungi
  3 plants (Lair:1)
  9 toadstools (D:3)
19 creatures vanquished.

Grand Total: 385 creatures vanquished

Notes
Turn   | Place    | Note
-------+----------+-------------------------------------------
     0 | D:1      | robertstho the Gnoll Ice Elementalist began the quest for
                  | the Orb.
     0 | D:1      | Reached XP level 1. HP: 13/13 MP: 6/6
    80 | D:1      | Reached XP level 2. HP: 17/19 MP: 2/7
  1226 | D:1      | Reached XP level 3. HP: 25/25 MP: 5/9
  1230 | D:1      | Learned a level 3 spell: Frozen Ramparts
  1234 | D:1      | Learned a level 3 spell: Ozocubu's Armour
  1278 | D:1      | Reached skill level 5 in Spellcasting
  1832 | D:2      | Reached skill level 1 in Invocations
  1938 | D:2      | Reached skill level 1 in Fighting
  1938 | D:2      | Reached skill level 1 in Short Blades
  1938 | D:2      | Reached skill level 1 in Long Blades
  1938 | D:2      | Reached skill level 1 in Axes
  1938 | D:2      | Reached skill level 1 in Maces & Flails
  1938 | D:2      | Reached skill level 1 in Polearms
  1938 | D:2      | Reached skill level 1 in Staves
  1938 | D:2      | Reached skill level 1 in Slings
  1938 | D:2      | Reached skill level 1 in Bows
  1938 | D:2      | Reached skill level 1 in Crossbows
  1938 | D:2      | Reached skill level 1 in Throwing
  1938 | D:2      | Reached skill level 1 in Armour
  1938 | D:2      | Reached skill level 1 in Shields
  1938 | D:2      | Reached skill level 1 in Unarmed Combat
  1938 | D:2      | Reached skill level 1 in Evocations
  2005 | D:2      | Reached XP level 4. HP: 31/32 MP: 7/11
  2336 | D:2      | Noticed Robin
  2341 | D:2      | Killed Robin
  2342 | D:2      | Reached skill level 1 in Conjurations
  2342 | D:2      | Reached skill level 1 in Hexes
  2342 | D:2      | Reached skill level 1 in Summonings
  2342 | D:2      | Reached skill level 1 in Necromancy
  2342 | D:2      | Reached skill level 1 in Translocations
  2342 | D:2      | Reached skill level 1 in Transmutations
  2342 | D:2      | Reached skill level 1 in Fire Magic
  2342 | D:2      | Reached skill level 1 in Air Magic
  2342 | D:2      | Reached skill level 1 in Earth Magic
  2342 | D:2      | Reached skill level 1 in Poison Magic
  2533 | D:2      | Reached XP level 5. HP: 37/37 MP: 8/12
  3049 | D:3      | Noticed an ogre
  3056 | D:3      | Killed an ogre
  3057 | D:3      | Reached XP level 6. HP: 44/44 MP: 2/13
  3515 | D:3      | Found Natesexi's General Store.
  3521 | D:3      | Learned a level 4 spell: Hailstorm
  3526 | D:3      | Learned a level 4 spell: Summon Ice Beast
  3528 | D:3      | Bought a scroll of identify for 28 gold pieces
  3528 | D:3      | Bought a scroll of teleportation for 42 gold pieces
  3897 | D:3      | Reached skill level 5 in Dodging
  4391 | D:4      | Reached XP level 7. HP: 50/50 MP: 11/15
  4603 | D:4      | Found a shimmering altar of Xom.
  5312 | D:4      | Found an ancient bone altar of Kikubaaqudgha.
  5322 | D:4      | Reached skill level 5 in Stealth
  5633 | D:5      | Entered Level 5 of the Dungeon
  5925 | D:5      | Reached XP level 8. HP: 36/57 MP: 16/16
  7858 | D:3      | Bought a scroll of blinking for 105 gold pieces
  7997 | D:7      | Noticed a wyvern
  8086 | D:7      | Killed a wyvern
  8092 | D:7      | Reached XP level 9. HP: 65/65 MP: 0/18
  8480 | D:7      | Identified the +4 ring mail "Zauwkean" {Str+7}
  9330 | D:7      | Found a staircase to the Ecumenical Temple.
  9339 | Temple   | Entered the Ecumenical Temple
  9495 | Temple   | Became a worshipper of Sif Muna the Loreminder
  9721 | D:8      | Noticed a gargoyle
  9741 | D:8      | Killed a gargoyle
  9742 | D:8      | Reached skill level 8 in Ice Magic
 10021 | D:8      | Found Olarir's General Store.
 10044 | D:8      | Bought a scroll of silence for 105 gold pieces
 10077 | D:8      | Noticed an efreet
 10356 | D:8      | Killed an efreet
 10720 | D:8      | HP: 3/66 [orc warrior/+0 battleaxe (14)]
 10722 | D:8      | Reached skill level 5 in Invocations
 11315 | D:8      | Found a staircase to the Lair.
 11668 | D:9      | Reached * piety under Sif Muna
 11669 | D:9      | Reached XP level 10. HP: 67/73 MP: 1/20
 11690 | D:9      | Reached skill level 5 in Fighting
 11690 | D:9      | Reached skill level 5 in Short Blades
 11690 | D:9      | Reached skill level 5 in Long Blades
 11690 | D:9      | Reached skill level 5 in Axes
 11690 | D:9      | Reached skill level 5 in Maces & Flails
 11690 | D:9      | Reached skill level 5 in Polearms
 11690 | D:9      | Reached skill level 5 in Staves
 11690 | D:9      | Reached skill level 5 in Slings
 11690 | D:9      | Reached skill level 5 in Bows
 11690 | D:9      | Reached skill level 5 in Crossbows
 11690 | D:9      | Reached skill level 5 in Throwing
 11690 | D:9      | Reached skill level 5 in Armour
 11690 | D:9      | Reached skill level 5 in Shields
 11690 | D:9      | Reached skill level 5 in Unarmed Combat
 11690 | D:9      | Reached skill level 5 in Evocations
 12581 | D:9      | Noticed a two-headed ogre
 12589 | D:9      | Killed a two-headed ogre
 13395 | D:9      | Noticed a cyclops
 13401 | D:9      | Killed a cyclops
 13609 | D:9      | Noticed a two-headed ogre
 13619 | D:9      | Killed a two-headed ogre
 13735 | D:9      | Noticed a cyclops
 13741 | D:9      | Killed a cyclops
 13742 | D:9      | Reached XP level 11. HP: 52/81 MP: 3/22
 14226 | D:10     | Entered Level 10 of the Dungeon
 14662 | D:10     | Killed an unseen horror
 14663 | D:10     | Reached skill level 5 in Conjurations
 14663 | D:10     | Reached skill level 5 in Hexes
 14663 | D:10     | Reached skill level 5 in Summonings
 14663 | D:10     | Reached skill level 5 in Necromancy
 14663 | D:10     | Reached skill level 5 in Translocations
 14663 | D:10     | Reached skill level 5 in Transmutations
 14663 | D:10     | Reached skill level 5 in Fire Magic
 14663 | D:10     | Reached skill level 5 in Air Magic
 14663 | D:10     | Reached skill level 5 in Earth Magic
 14663 | D:10     | Reached skill level 5 in Poison Magic
 14905 | D:10     | Found a staircase to the Orcish Mines.
 14963 | D:10     | Reached ** piety under Sif Muna
 15586 | D:11     | Noticed a white ugly thing
 15595 | D:11     | Noticed a sea snake
 15602 | D:11     | Killed an unseen horror
 15603 | D:11     | Killed a white ugly thing
 15608 | D:11     | Reached skill level 9 in Ice Magic
 16153 | D:11     | Found Foffozuz's Magic Scroll Boutique.
 16159 | D:11     | Bought a scroll of vulnerability for 97 gold pieces
 16159 | D:11     | Bought a scroll of fear for 45 gold pieces
 16159 | D:11     | Bought a scroll of fog for 26 gold pieces
 16159 | D:11     | Bought a scroll of identify for 26 gold pieces
 16311 | D:11     | Noticed a cyclops
 16322 | D:11     | Killed a cyclops
 16497 | D:11     | Noticed a sea snake
 16631 | D:11     | Noticed a sea snake
 16711 | D:11     | Reached XP level 12. HP: 53/89 MP: 1/24
 17138 | Lair:1   | Entered Level 1 of the Lair of Beasts
 17412 | Lair:1   | Reached *** piety under Sif Muna
 17550 | Lair:1   | Noticed a five-headed hydra
 17562 | Lair:1   | Killed a five-headed hydra
 18465 | Lair:2   | Found a staircase to the Shoals.
 18484 | Lair:2   | Slain by a komodo dragon

Illustrated notes

Levels and vault maps discovered:
D:1:      lightli_arrival_statuegarden, layout_rooms, serial_co_window_serial,
          co_window_of_opportunity_a, co_window_corner_a, co_window_paths_a,
          co_window_of_opportunity_a, co_window_corner_a,
          co_window_unsneaky_path_b, co_window_paths_c, co_window_corner_b,
          co_window_broadway_c, co_window_corner_b, co_window_paths_d,
          minmay_tromino_v4_c
D:2:      layout_loops_cross, grunt_ministairs_7, uniq_robin
D:3:      cheibrodos_fertilizer, layout_loops_ring, serial_shops, shop,
          portal_sewer_entry_e, minmay_ogre_servants
D:4:      layout_basic, kennysheep_vampire_church,
          hangedman_decor_clover_reticule, xom_teletrap_fun
D:5:      layout_basic
D:6:      layout_basic
D:7:      layout_layer_cave, minmay_temple_entry_poolview
D:8:      layout_rooms, lair_entry_dummy, serial_shops, shop
D:9:      layout_gridville
D:10:     layout_basic, david_orc_2
D:11:     layout_rooms, serial_shops, shop, serial_aquarium,
          aquarium_bridge_square [aquarium_subvault_wall,
          aquarium_subvault_bridge, aquarium_subvault_bridge,
          aquarium_subvault_wall], aquarium_bridge_square
          [aquarium_subvault_window, aquarium_subvault_bridge,
          aquarium_subvault_bridge, aquarium_subvault_bridge],
          aquarium_window_1, aquarium_window_2, aquarium_window_corridor_3,
          aquarium_view_2d, aquarium_view_4, aquarium_pool_four
Temple:   kilobyte_greek_temple
Lair:1:   layout_regular_city, st_stairs_8, grunt_megastairs_4
Lair:2:   layout_concentric_octagons, shoals_dummy_entry,
          gauntlet_entry_generic, enter_volcano_3

Skill      XL: |  1  2  3  4  5  6  7  8  9 10 11 12 |
---------------+-------------------------------------+-----
Spellcasting   | 5 6 7 8 |  8.9
Invocations    | 1 2 3 4 5 6 7 8 |  8.0
Fighting       | 1 2 3 4 5 6 7 |  7.2
Short Blades   | 1 2 3 4 5 6 7 |  7.2
Long Blades    | 1 2 3 4 5 6 7 |  7.2
Axes           | 1 2 3 4 5 6 7 |  7.2
Maces & Flails | 1 2 3 4 5 6 7 |  7.2
Polearms       | 1 2 3 4 5 6 7 |  7.2
Staves         | 1 2 3 4 5 6 7 |  7.2
Slings         | 1 2 3 4 5 6 7 |  7.2
Bows           | 1 2 3 4 5 6 7 |  7.2
Crossbows      | 1 2 3 4 5 6 7 |  7.2
Throwing       | 1 2 3 4 5 6 7 |  7.2
Armour         | 1 2 3 4 5 6 7 |  7.2
Shields        | 1 2 3 4 5 6 7 |  7.2
Unarmed Combat | 1 2 3 4 5 6 7 |  7.2
Evocations     | 1 2 3 4 5 6 7 |  7.2
Conjurations   | 1 2 3 4 5 6 |  6.0
Hexes          | 1 2 3 4 5 6 |  6.0
Summonings     | 1 2 3 4 5 6 |  6.0
Necromancy     | 1 2 3 4 5 6 |  6.0
Translocations | 1 2 3 4 5 6 |  6.0
Transmutations | 1 2 3 4 5 6 |  6.0
Fire Magic     | 1 2 3 4 5 6 |  6.0
Air Magic      | 1 2 3 4 5 6 |  6.0
Earth Magic    | 1 2 3 4 5 6 |  6.0
Poison Magic   | 1 2 3 4 5 6 |  6.0
Dodging        | 5 6 7 8 |  8.7
Stealth        | 5 6 7 8 |  8.5
Ice Magic      | 8 9 |  9.4

Action                   |  1- 3 |  4- 6 |  7- 9 | 10-12 || total
-------------------------+-------+-------+-------+-------++-------
Melee: Unarmed           |    13 |       |       |       ||    13
       Short sword       |    34 |    73 |   311 |    35 ||   453
       Bite              |     6 |     7 |    27 |    27 ||    67
       Dagger            |       |     1 |       |       ||     1
       Punch             |       |       |     4 |    12 ||    16
       Scimitar          |       |       |       |   187 ||   187
 Cast: Freeze            |    21 |    13 |     4 |     2 ||    40
       Frozen Ramparts   |     6 |    31 |    24 |    25 ||    86
       Ozocubu's Armour  |       |     1 |     2 |     2 ||     5
       Summon Ice Beast  |       |       |    51 |    60 ||   111
       Hailstorm         |       |       |    12 |    70 ||    82
Invok: Channel Magic     |       |       |       |     3 ||     3
Evoke: Wand              |       |       |     1 |       ||     1
  Use: Potion            |     1 |       |     1 |       ||     2
       Scroll            |       |     3 |     5 |     5 ||    13
 Stab: Sleeping          |     7 |     5 |    17 |    13 ||    42
       Distracted        |     1 |       |     2 |     2 ||     5
Armor: Robe              |    13 |    19 |   120 |    23 ||   175
       Troll leather arm |       |       |       |    29 ||    29
Dodge: Dodged            |    49 |    67 |   267 |   200 ||   583
       Rpst.: Scimitar   |       |       |       |    46 ||    46

Table legend: (Time is in decaauts)
 A = Elapsed time spent in this place.
 B = Non-inter-level travel time spent in this place.
 C = Inter-level travel time spent in this place.
 D = Time resting spent in this place.
 E = Time spent auto-exploring this place.
 F = Levels seen in this place.
 G = Mean time per level.
                   A        B        C        D        E       F      G
               +--------+--------+--------+--------+--------+-----+--------+
         Total |  18488 |  17583 |    905 |   2854 |  12201 |  14 | 1320.6 |
       Dungeon |  16944 |  16102 |    842 |   2852 |  10906 |  11 | 1540.4 |
        Temple |    196 |    156 |     40 |      0 |    146 |   1 |  196.0 |
          Lair |   1347 |   1324 |     23 |      2 |   1149 |   2 |  673.5 |
               +--------+--------+--------+--------+--------+-----+--------+

Top non-repeatable levels by time:
     D:9: 2845 daAuts
     D:1: 1749 daAuts
     D:3: 1688 daAuts
     D:8: 1628 daAuts
    D:11: 1467 daAuts
     D:6: 1402 daAuts
    D:10: 1373 daAuts
     D:7: 1369 daAuts
  Lair:1: 1328 daAuts
     D:4: 1265 daAuts
     D:5: 1099 daAuts
     D:2: 1053 daAuts
  Temple: 196 daAuts
  Lair:2: 18 daAuts
